 Dungeon Sprint DCSS version 0.21-a0-331-gfb491b4 (webtiles) character file.

9582 Kidiri the Eclecticist (level 11, -2/66 HPs)
             Began as a Deep Elf Fire Elementalist on Oct 2, 2017.
             Was the Champion of Vehumet.
             Slain by Rupert
             ... wielding a +0 great mace of draining
              (6 damage)
             ... in the Dungeon (Sprint III: "The Ten Rune Challenge").
             The game lasted 00:19:12 (3513 turns).

Kidiri the Eclecticist (Deep Elf Fire Elementalist) Turns: 3513, Time: 00:19:13

Health: -2/66      AC:  4    Str:  5    XL:     11   Next: 24%
Magic:  9/34       EV: 18    Int: 24    God:    Vehumet [******]
Gold:   99         SH:  0    Dex: 15    Spells: 5/44 levels left

rFire    . . .     SeeInvis .   t - +4 dagger
rCold    . . .     Gourm    .   (no shield)
rNeg     + . .     Faith    .   s - +2 robe {rN+}
rPois    +         Spirit   .   (helmet restricted)
rElec    .         Reflect  .   (no cloak)
rCorr    .         Harm     .   (no gloves)
MR       ++...     NoTele   +   (no boots)
Stlth    ++........             (no amulet)
HPRegen  0.21/turn              w - ring of poison resistance
MPRegen  0.24/turn              (no ring)

@: studying 2 skills, drained
A: antennae 1, magic resistance 1
a: Renounce Religion


You were in the Dungeon.
You worshipped Vehumet.
Vehumet was exalted by your worship.
You were not hungry.

You visited 1 branch You collected 99 gold pieces.

Inventory:

Hand Weapons
 t - a +4 dagger (weapon)
Missiles
 a - 2 throwing nets (quivered)
Armour
 s - a +2 robe of positive energy (worn)
Jewellery
 w - a ring of poison resistance (left hand)
Wands
 b - a wand of paralysis (10/24)
 e - a wand of iceblast (10/15)
Scrolls
 j - 2 scrolls of recharging
 l - 2 scrolls of immolation
 n - 4 scrolls of remove curse
 x - a scroll of fear
Potions
 d - 2 potions of curing
 f - a potion of haste
 g - 2 potions of magic
 h - a potion of berserk rage
 p - 2 potions of flight
 r - a potion of brilliance
Books
 i - Lolan's Handbook of Floating Intoxication
   (You found it in the Dungeon)

   Spells                             Type                      Level
   a - Sting                          Conjuration/Poison           1
   b - Ignite Poison                  Fire/Transmutation/Poison    3
   c - Spider Form                    Transmutation/Poison         3
   d - Olgreb's Toxic Radiance        Poison                       4
   e - Summon Lightning Spire         Summoning/Air                4
   f - Lightning Bolt                 Conjuration/Air              5
 q - a manual of Long Blades
 v - a manual of Stealth
Comestibles
 c - a bread ration
 k - 20 royal jellies
 m - 9 chunks of flesh
 o - a meat ration


   Skills:
 + Level 6.8(6.1) Fighting
 + Level 8.1(7.5) Short Blades
 + Level 6.7(6.1) Armour
 + Level 10.0(9.4) Dodging
 - Level 2.4(1.8) Stealth
 * Level 17.1(16.3) Spellcasting
 + Level 10.9(10.2) Conjurations
 + Level 11.3(10.6) Fire Magic
 + Level 1.3(0.8) Ice Magic
 + Level 8.2(7.6) Air Magic
 + Level 2.9(2.3) Earth Magic
 + Level 9.0(8.3) Poison Magic


You had 5 spell levels left.
You knew the following spells:

 Your Spells              Type           Power        Failure   Level  Hunger
a - Flame Tongue          Conj/Fire      #####        1%          1    None
b - Throw Flame           Conj/Fire      ######       1%          2    None
c - Conjure Flame         Conj/Fire      ######..     1%          3    None
d - Inner Flame           Hex/Fire       #####...     1%          3    None
e - Ignite Poison         Fire/Tmut/Pois ######..     1%          3    None
f - Sticky Flame          Conj/Fire      ######..     1%          4    None
g - Fireball              Conj/Fire      ######....   1%          5    #......
h - Bolt of Magma         Conj/Fire/Erth ######....   1%          5    #......
i - Mephitic Cloud        Conj/Pois/Air  ######..     1%          3    None
j - Olgreb's Toxic Radia  Pois           ######..     1%          4    None
k - Freezing Cloud        Conj/Ice/Air   #####.....   9%          6    ####...


Dungeon Overview and Level Annotations

Branches:
Dungeon (1/1)

Altars:
Cheibriados
Dithmenos
Elyvilon
Fedhas
Gozag
Hepliaklqana
Kikubaaqudgha
Makhleb
Nemelex Xobeh
Okawaru
Qazlal
Ru
Sif Muna
Trog
Uskayaw
Vehumet
Wu Jian
Xom
Yredelemnul
Zin
The Shining One
Beogh
Jiyva
Lugonu

Annotations:
D exclusion: 5 doors, Rupert


Innate Abilities, Weirdness & Mutations

You have a pair of small antennae on your head.
You are resistant to hostile enchantments. (MR+)


Message History

Confirm with . or Enter, or press ? or * to list all spells.
You begin to radiate toxic energy.
Rupert is poisoned.
Rupert looks even sicker.
Things that are here:
a giant spiked club; a giant club Unknown command.
Rupert looks even sicker.
Rupert looks as sick as possible!
Your toxic aura wanes.
Your extra speed is starting to run out.
Rupert rages.
Things that are here:
a giant club; a dire flail Your magical contamination has completely faded away.
You feel yourself slow down.
Items here: )))))) Rupert hits you with a great mace of draining!!
* * * LOW HITPOINT WARNING * * *
You partially resist.
You feel drained.
You die...

..#.).#__.#[_# ..###+#+###÷##
..#....).....# ..'.⌠........#
..#...######'#
..#.⌠.#__#...#+##################
..#...#__#...#....#.#.#.....#....
..#+###__#...##.#@.#.##.###.#....
..#.:[#__#...'##@#.#.##)#[)##....
..#___#__+...#...#..#..##..'.....
▓▓▓▓▓▓▓▓▓▓▓▓▓▓▓▓▓▓▓▓▓▓▓▓▓▓▓#.....
♣.....♣♣♣♣≈≈≈........≈≈≈...#.....
♣.≈≈≈≈'♣♣'♣≈≈≈≈≈≈≈≈≈≈≈≈♣♣P.'.....
@.....#.≈♣♣♣♣♣♣♣♣♣♣♣♣♣♣♣♣..#.....
♣♣♣♣♣♣#..♣♣ ♣..##+### ###+♣♣♣♣♣
♣..# ♣♣♣♣.##..## {#..#


You could see Rupert (berserk).

Vanquished Creatures
  Erolcha (D)
  Urug (D)
  A lindwurm (D)
  A deep elf mage (D)
  2 spiny frogs (D)
  A rime drake (D)
  A komodo dragon (D)
  A queen bee (D)
  3 wandering mushrooms (D)
  5 blink frogs (D)
  2 tyrant leeches (D)
  A shadow (D)
  5 redbacks (D)
  A spatial vortex (D)
  2 hydra simulacra (D)
  A swamp drake (D)
  A black mamba simulacrum (D)
  A necrophage (D)
  A fire dragon simulacrum (D)
  5 two-headed ogres (D)
  A water elemental (D)
  A scorpion (D)
  32 killer bees (D)
  A jelly (D)
  A wizard (D)
  Jessica (D)
  A necromancer (D)
  3 humans (D)
  A kobold demonologist (D)
  An ooze (D)
  2 rats (D)
  2 plants (D)
84 creatures vanquished.

Vanquished Creatures (others)
  2 draconian scorchers (D)
  6 hellions (D)
  A yaktaur (D)
9 creatures vanquished.

Grand Total: 93 creatures vanquished

Notes
Turn   | Place    | Note
-------+----------+-------------------------------------------
     0 | D        | Kidiri the Deep Elf Fire Elementalist began the quest for the Orb.
     0 | D        | Reached XP level 1. HP: 10/10 MP: 6/6
    13 | D        | Reached skill level 4 in Spellcasting
    74 | D        | Noticed Jessica
    84 | D        | Killed Jessica
    84 | D        | Reached skill level 6 in Spellcasting
    84 | D        | Reached XP level 2. HP: 15/15 MP: 0/11
    84 | D        | Reached XP level 3. HP: 19/19 MP: 0/12
    88 | D        | Learned a level 2 spell: Throw Flame
    92 | D        | Learned a level 3 spell: Conjure Flame
    96 | D        | Learned a level 3 spell: Inner Flame
   114 | D        | Killed a hellion
   125 | D        | Killed a hellion
   142 | D        | Killed a hellion
   148 | D        | Killed a hellion
   181 | D        | Killed a hellion
   215 | D        | Killed a white draconian scorcher
   225 | D        | Noticed a scorpion
   233 | D        | Killed a scorpion
   233 | D        | Reached skill level 8 in Spellcasting
   233 | D        | Reached skill level 5 in Fire Magic
   233 | D        | Reached XP level 4. HP: 16/24 MP: 9/16
   241 | D        | Learned a level 4 spell: Sticky Flame
   298 | D        | Killed a yaktaur
   304 | D        | Killed a white draconian scorcher
   356 | D        | Gained mutation: You are resistant to hostile enchantments. (MR+) [potion of mutation]
   356 | D        | Gained mutation: You possess an exceptional clarity of mind. [potion of mutation]
   357 | D        | Lost mutation: You are resistant to hostile enchantments. (MR+) [potion of mutation]
   357 | D        | Lost mutation: You possess an exceptional clarity of mind. [potion of mutation]
   357 | D        | Gained mutation: You are resistant to hostile enchantments. (MR+) [potion of mutation]
   357 | D        | Gained mutation: You have a pair of small antennae on your head. [potion of mutation]
   364 | D        | Killed a hellion
   389 | D        | Noticed a water elemental
   389 | D        | Killed a water elemental
   389 | D        | Reached skill level 10 in Spellcasting
   389 | D        | Reached skill level 5 in Conjurations
   389 | D        | Reached XP level 5. HP: 28/28 MP: 12/19
   396 | D        | Learned a level 5 spell: Fireball
   432 | D        | Found a radiant altar of Vehumet.
   433 | D        | Found a deep blue altar of Sif Muna.
   435 | D        | Found an ancient bone altar of Kikubaaqudgha.
   450 | D        | Learned a level 3 spell: Mephitic Cloud
   453 | D        | Became a worshipper of Vehumet
   474 | D        | Found a glowing silver altar of Zin.
   475 | D        | Found a glowing golden altar of the Shining One.
   475 | D        | Found a white marble altar of Elyvilon.
   475 | D        | Noticed a deep elf mage
   484 | D        | Killed a deep elf mage
   484 | D        | Reached skill level 12 in Spellcasting
   484 | D        | Reached XP level 6. HP: 17/36 MP: 10/23
   484 | D        | Reached XP level 7. HP: 19/40 MP: 10/24
   646 | D        | Found an ornate altar of the Wu Jian Council.
   646 | D        | Found a roughly hewn altar of Beogh.
   646 | D        | Found an iron altar of Okawaru.
   646 | D        | Found a bloodstained altar of Trog.
   646 | D        | Found a hide-covered altar of Uskayaw.
   646 | D        | Noticed a human
   646 | D        | Noticed a human
   655 | D        | Killed a human
   659 | D        | Killed a human
   659 | D        | Reached * piety under Vehumet
   659 | D        | Offered knowledge of Freeze by Vehumet.
   659 | D        | Reached skill level 5 in Dodging
   745 | D        | Found a basalt altar of Yredelemnul.
   745 | D        | Found a shadowy altar of Dithmenos.
   745 | D        | Found a sacrificial altar of Ru.
   825 | D        | Reached ** piety under Vehumet
   827 | D        | Noticed a shadow
   828 | D        | Killed a shadow
   828 | D        | Offered knowledge of Shock by Vehumet.
   828 | D        | Reached skill level 13 in Spellcasting
   828 | D        | Reached XP level 8. HP: 46/46 MP: 15/27
   899 | D        | Found a blossoming altar of Fedhas.
   899 | D        | Found a stormy altar of Qazlal.
   899 | D        | Found a snail-covered altar of Cheibriados.
   899 | D        | Found a burning altar of Makhleb.
   899 | D        | Found a shimmering altar of Xom.
   900 | D        | Found a hazy altar of Hepliaklqana.
   900 | D        | Found an opulent altar of Gozag.
   900 | D        | Found a sparkling altar of Nemelex Xobeh.
   900 | D        | Found a corrupted altar of Lugonu.
   900 | D        | Found a viscous altar of Jiyva.
   997 | D        | Offered knowledge of Searing Ray by Vehumet.
   999 | D        | Reached *** piety under Vehumet
  1007 | D        | Reached skill level 5 in Poison Magic
  1140 | D        | Noticed a two-headed ogre
  1153 | D        | Killed a two-headed ogre
  1153 | D        | Offered knowledge of Ignite Poison by Vehumet.
  1158 | D        | Learned a level 3 spell: Ignite Poison
  1258 | D        | Noticed a two-headed ogre
  1258 | D        | Noticed Erolcha
  1267 | D        | Killed a two-headed ogre
  1267 | D        | Reached skill level 5 in Short Blades
  1267 | D        | Reached skill level 14 in Spellcasting
  1267 | D        | Reached skill level 5 in Air Magic
  1267 | D        | Reached XP level 9. HP: 27/52 MP: 16/29
  1272 | D        | Killed Erolcha
  1272 | D        | Reached **** piety under Vehumet
  1421 | D        | Offered knowledge of Static Discharge by Vehumet.
  1496 | D        | Reached skill level 5 in Fighting
  1496 | D        | Reached ***** piety under Vehumet
  1496 | D        | Reached skill level 5 in Armour
  1498 | D        | Noticed a queen bee
  1498 | D        | Reached skill level 15 in Spellcasting
  1499 | D        | Reached skill level 10 in Fire Magic
  1502 | D        | Killed a queen bee
  1502 | D        | Reached ****** piety under Vehumet
  1505 | D        | Reached XP level 10. HP: 50/59 MP: 21/31
  1757 | D        | Offered knowledge of Olgreb's Toxic Radiance by Vehumet.
  1779 | D        | Learned a level 4 spell: Olgreb's Toxic Radiance
  1954 | D        | Offered knowledge of Conjure Ball Lightning by Vehumet.
  1967 | D        | Reached skill level 10 in Conjurations
  2008 | D        | Noticed a spiny frog
  2008 | D        | Noticed a spiny frog
  2012 | D        | Killed a spiny frog
  2012 | D        | Reached skill level 16 in Spellcasting
  2017 | D        | Killed a spiny frog
  2272 | D        | Offered knowledge of Bolt of Magma by Vehumet.
  2286 | D        | Learned a level 5 spell: Bolt of Magma
  2526 | D        | Noticed a lindwurm
  2528 | D        | Killed a lindwurm
  2864 | D        | Noticed Urug
  2871 | D        | Killed Urug
  2871 | D        | Reached skill level 1 in Earth Magic
  2871 | D        | Reached XP level 11. HP: 44/66 MP: 14/33
  3109 | D        | Identified Lolan's Handbook of Floating Intoxication
  3171 | D        | Offered knowledge of Freezing Cloud by Vehumet.
  3182 | D        | Learned a level 6 spell: Freezing Cloud
  3301 | D        | Reached skill level 17 in Spellcasting
  3303 | D        | Reached skill level 10 in Dodging
  3303 | D        | Reached skill level 1 in Ice Magic
  3449 | D        | Noticed Rupert
  3513 | D        | Slain by Rupert

Vault maps used:
D:        dungeon_sprint_mu

Skill      XL: |  1  2  3  4  5  6  7  8  9 10 11 |
---------------+----------------------------------+-----
Spellcasting   | 6 8 10 12 13 14 15 16 17 | 17.1
Conjurations   | 3 4 5 7 8 9 10 | 10.9
Fire Magic     | 4 5 6 8 9 10 11 | 11.3
Fighting       | 2 3 4 5 6 |  6.8
Short Blades   | 3 4 5 6 7 8 |  8.1
Armour         | 2 3 4 5 6 |  6.7
Dodging        | 4 5 6 8 9 10 | 10.0
Air Magic      | 3 4 5 6 7 8 |  8.2
Poison Magic   | 3 4 5 7 8 9 |  9.0
Earth Magic    | 1 2 |  2.9
Ice Magic      | 1 |  1.3
Stealth        | |  2.4

Action                   |  1- 3 |  4- 6 |  7- 9 | 10-12 || total
-------------------------+-------+-------+-------+-------++-------
Melee: Dagger            |       |       |    12 |     4 ||    16
 Cast: Flame Tongue      |    16 |     7 |    58 |    46 ||   127
       Sticky Flame      |       |     2 |     6 |    10 ||    18
       Conjure Flame     |       |     1 |     8 |     2 ||    11
       Mephitic Cloud    |       |     2 |     7 |     7 ||    16
       Fireball          |       |     1 |       |     2 ||     3
       Inner Flame       |       |       |     5 |       ||     5
       Ignite Poison     |       |       |     4 |    15 ||    19
       Olgreb's Toxic Ra |       |       |       |     7 ||     7
       Bolt of Magma     |       |       |       |    10 ||    10
       Throw Flame       |       |       |       |     1 ||     1
  Use: Potion            |       |     2 |       |     4 ||     6
       Scroll            |       |       |       |     7 ||     7
 Stab: Sleeping          |       |       |       |     1 ||     1
  Eat: Chunk             |       |       |     2 |     1 ||     3
       Royal jelly       |       |       |       |     2 ||     2
       Fruit             |       |       |       |     1 ||     1
Armor: Robe              |     1 |       |     1 |     2 ||     4
Dodge: Dodged            |       |     1 |    18 |    34 ||    53

Table legend:
 A = Spawn XP
 B = Non-spawn XP
 C = Spawn XP percentage of total XP
 D = Spawn monster count
 E = Non-spawn monster count
 F = Spawn count percentage of total count
 G = Total turns spent on level
                    A         B        C        D         E        F      G
               +---------+---------+-------+---------+---------+-------+---------
         Total |       0 |   13689 |   0.0 |       0 |      82 |   0.0 |  3513
               +---------+---------+-------+---------+---------+-------+---------
             D |       0 |   13689 |   0.0 |       0 |      82 |   0.0 |  3513
               +---------+---------+-------+---------+---------+-------+---------
